 Dungeon Crawl Stone Soup version 0.22.1-5-g62c59d919a (webtiles) character file.

262 Nibbler the Shooter (level 6, -1/39 HPs)
             Began as a Halfling Hunter on Jan 13, 2019.
             Slain by a gnoll
             ... wielding a +0 spear
              (6 damage)
             ... on level 4 of the Dungeon.
             The game lasted 00:16:45 (2524 turns).

Nibbler the Shooter (Halfling Hunter)               Turns: 2524, Time: 00:16:48

Health: -1/39      AC:  5    Str: 13      XL:     6   Next: 42%
Magic:  6/6        EV: 15    Int:  7 (9)  God:
Gold:   82         SH:  0    Dex: 17      Spells: 5/5 levels left

rFire    x . .     SeeInvis .   a - +2 shortbow
rCold    + . .     Gourm    .   (shield currently unavailable)
rNeg     . . .     Faith    .   j - +0 leather armour
rPois    .         Spirit   .   k - +2 hat
rElec    .         Reflect  .   (no cloak)
rCorr    .         Harm     .   (no gloves)
MR       +....                  (no boots)
Stlth    ++........             (no amulet)
HPRegen  0.13/turn              r - ring of ice
MPRegen  0.10/turn              n - ring of protection from magic

@: no status effects
A: small, mutation resistance 1
a: no special abilities


You were on level 4 of the Dungeon.
You were very hungry.

You visited 1 branch of the dungeon, and saw 4 of its levels.

You collected 82 gold pieces.

Inventory:

Hand Weapons
 a - a +2 shortbow (weapon)
 b - a +0 short sword
 g - a +0 club
 l - a +0 dagger
Missiles
 d - 35 arrows (quivered)
 m - 4 needles of sleeping
Armour
 c - a +0 leather armour
 j - a +0 leather armour (worn)
 k - a +2 hat (worn)
Jewellery
 n - a ring of protection from magic (right hand)
 r - a ring of ice (left hand)
Scrolls
 p - 3 scrolls of identify
Potions
 o - a potion of agility
 v - a potion of resistance
Comestibles
 f - 3 rations


   Skills:
 + Level 2.2 Fighting
 * Level 7.5 Bows
 + Level 1.2 Armour
 + Level 2.5 Dodging
 + Level 1.1 Stealth


You had 5 spell levels left.
You didn't know any spells.
Your spell library was empty.

Dungeon Overview and Level Annotations

Branches:
Dungeon (4/15)
 Temple: D:4-7

Altars:


Innate Abilities, Weirdness & Mutations

You are small and have problems with some larger weapons.
You are somewhat resistant to further mutation.


Message History

Aim: a gnoll, wielding a flail of protection (heavily wounded)
You shoot an arrow. The arrow hits the gnoll.
The gnoll is almost dead.
The gnoll barely misses you.
Firing (i - inventory)
d - 37 arrows (quivered)
Press: ? - help, Shift-Dir - straight line, f/p - gnoll
Aim: a gnoll, wielding a flail of protection (almost dead)
You shoot an arrow. The arrow closely misses the gnoll.
The gnoll hits you with a flail of protection!
The gnoll hits you but does no damage.
Firing (i - inventory)
d - 36 arrows (quivered)
Press: ? - help, Shift-Dir - straight line, f/p - gnoll
Aim: a gnoll, wielding a flail of protection (almost dead)
You shoot an arrow. The arrow hits the gnoll!
You kill the gnoll!
Your Armour skill increases to level 1!
The gnoll hits you with a club!
* * * LOW HITPOINT WARNING * * *
The gnoll hits you from afar with a spear.
You die...

.# #....(
.# ......
..##.....
.......
.....#
#g.(##
##g)..#
#.@#
#...#
#...##
....#
...#.. ..
##. . #


You could see 2 gnolls.

Vanquished Creatures
  A scorpion (D:3)
  2 jellies (D:3)
  Natasha (D:2)
  2 adders
  A gnoll (D:4)
  7 oozes (D:3)
  A worm (D:3)
  A dart slug (D:2)
  7 leopard geckos
  8 bats
  2 giant cockroaches
  4 hobgoblins
  5 jackals
  12 kobolds
  A quokka (D:2)
  A ball python (D:1)
  3 frilled lizards
  8 goblins
  2 rats (D:2)
  2 fungi (D:1)
71 creatures vanquished.

Vanquished Creatures (others)
  A fungus (D:3)
  7 toadstools (D:3)
8 creatures vanquished.

Grand Total: 79 creatures vanquished

Notes
Turn   | Place    | Note
-------+----------+-------------------------------------------
     0 | D:1      | Nibbler the Halfling Hunter began the quest for the Orb.
     0 | D:1      | Reached XP level 1. HP: 14/14 MP: 1/1
   311 | D:1      | Reached XP level 2. HP: 17/19 MP: 2/2
   794 | D:1      | Reached skill level 5 in Bows
   887 | D:1      | Reached XP level 3. HP: 17/24 MP: 3/3
  1362 | D:2      | Noticed Natasha
  1371 | D:2      | Reached XP level 4. HP: 15/29 MP: 4/4
  1374 | D:2      | Killed Natasha
  1374 | D:2      | Reached skill level 6 in Bows
  1629 | D:3      | Reached XP level 5. HP: 18/34 MP: 5/5
  2009 | D:3      | Reached skill level 7 in Bows
  2009 | D:3      | Reached XP level 6. HP: 24/39 MP: 6/6
  2524 | D:4      | Reached skill level 1 in Armour
  2524 | D:4      | Slain by a gnoll

Skill      XL: |  1  2  3  4  5  6 |
---------------+-------------------+-----
Bows           | 5 6 7 |  7.5
Fighting       | 2 |  2.2
Armour         | 1 |  1.2
Dodging        | |  2.5
Stealth        | |  1.1

Action                   |  1- 3 |  4- 6 || total
-------------------------+-------+-------++-------
Melee: Short sword       |    46 |       ||    46
 Fire: Shortbow          |    84 |   123 ||   207
  Use: Scroll            |       |     5 ||     5
       Potion            |       |     6 ||     6
  Eat: Ration            |     1 |       ||     1
Armor: Leather armour    |     5 |    35 ||    40
Dodge: Dodged            |    45 |   101 ||   146
